 Dungeon Crawl Stone Soup version 0.29-a0-878-g7b45a56547 (webtiles) character file.

Game seed: 3618438837277437534

6 buhh the Chopper (level 2, -2/26 HPs)
             Began as a Meteoran Berserker on July 19, 2022.
             Was a Follower of Trog.
             Slain by a quokka (3 damage)
             ... on level 1 of the Dungeon.
             The game lasted 00:00:17 (74 turns).

buhh the Chopper (Meteoran Berserker)                 Turns: 74, Time: 00:00:18

Health: -2/26      AC:  2    Str: 18    XL:     2   Next: 11%
Magic:  3/3        EV: 12    Int:  8    God:    Trog [*.....]
Gold:   18         SH:  0    Dex: 13    Spells: 1/1 levels left

rFire   . . .      SeeInvis .   a - +0 hand axe
rCold   . . .      Faith    .   (no shield)
rNeg    . . .      Spirit   .   b - +0 animal skin
rPois   .          Reflect  .   (no helmet)
rElec   .          Harm     .   (no cloak)
rCorr   .          Rampage  .   (no gloves)
Will    .....                   (no boots)
Stlth   +.........              (no amulet)
HPRegen 0.08/turn               (no ring)
MPRegen 0.08/turn               (no ring)

@: glowing
A: sense surroundings 1, otherworldly, glowing, explore regen
a: Renounce Religion, Berserk


You were on level 1 of the Dungeon.
You worshipped Trog.
Trog was aware of your devotion.
You visited 1 branch of the dungeon, and saw 1 of its levels.

You collected 18 gold pieces.

Inventory:

Hand Weapons
 a - a +0 hand axe (weapon)
Armour
 b - a +0 animal skin (worn)
Scrolls
 c - a scroll of amnesia {unknown}


   Skills:
 + Level 3.4 Fighting
 + Level 3.7 Axes
 + Level 2.6 Armour
 + Level 2.6 Dodging


You had one spell level left.
You didn't know any spells.
Your spell library was empty.

Dungeon Overview and Level Annotations

Branches:
Dungeon (1/15) Zot: 521

Altars:


Innate Abilities, Weirdness & Mutations

You passively map a small area around you.
You are easily found by Zot.
You glow in the dark.
You regain HP and MP as you explore.


Message History

The quokka is severely wounded.
You hit the hobgoblin.
You kill the hobgoblin!
Trog accepts your kill. The quokka bites you. x2
You barely miss the quokka.
The quokka is severely wounded.
The quokka bites you.
You closely miss the quokka.
The quokka is severely wounded.
The quokka bites you.
You miss the quokka.
The quokka is severely wounded.
The quokka barely misses you. The quokka closely misses you.
The giant cockroach bites you but does no damage.
You barely miss the quokka.
The quokka is severely wounded.
You hit the giant cockroach.
The quokka bites you but does no damage.
The giant cockroach bites you but does no damage.
You closely miss the quokka.
The quokka is severely wounded.
You hit the giant cockroach. The quokka bites you.
* * * LOW HITPOINT WARNING * * *
The giant cockroach bites you.
* * * LOW HITPOINT WARNING * * *
The quokka bites you but does no damage.
You fail to use your ability.
The giant cockroach bites you.
* * * LOW HITPOINT WARNING * * *
The quokka bites you.
* * * LOW HITPOINT WARNING * * *
The giant cockroach misses you.
You barely miss the quokka.
The quokka is severely wounded.
You hit the giant cockroach.
You kill the giant cockroach!
Trog accepts your kill. The quokka bites you.
You die...

.
.§.....########.....#
,
.#.....###..........#
* ≈
,............#...# ,
##...#####.##....# *
, .....###...##..#..#
............#...#.# *
* ..............#.#.#
..............#.# #
.......@......#, ,
......[†r......# * **
................. ,,
..............#.. ,,
................. ,
.#............## , ,
######...###.# , , *
..#.# .. , ,


You could see a quokka.

Vanquished Creatures
  A giant cockroach (D:1)
  2 hobgoblins (D:1)
  A bat (D:1)
  A frilled lizard (D:1)
  A kobold (D:1)
  2 rats (D:1)
8 creatures vanquished.

Notes
Turn   | Place    | Note
-------+----------+-------------------------------------------
     0 | D:1      | buhh the Meteoran Berserker began the quest for the Orb.
     0 | D:1      | Reached XP level 1. HP: 19/19 MP: 2/2
    55 | D:1      | Reached XP level 2. HP: 17/26 MP: 3/3
    73 | D:1      | HP: 1/26 [quokka (4)]
    74 | D:1      | Slain by a quokka

Illustrated notes

Levels and vault maps discovered:
D:1:      dpeg_arrival_rooms_with_view, layout_rooms, minmay_hexomino_f4

Action                   || total
-------------------------++-------
Melee: Hand axe          ||    28
Armor: Animal skin       ||     6
Dodge: Dodged            ||    14

Table legend: (Time is in decaauts)
 A = Elapsed time spent in this place.
 B = Non-inter-level travel time spent in this place.
 C = Inter-level travel time spent in this place.
 D = Time resting spent in this place.
 E = Time spent auto-exploring this place.
 F = Levels seen in this place.
 G = Mean time per level.
                   A        B        C        D        E       F      G
               +--------+--------+--------+--------+--------+-----+--------+
         Total |     77 |     77 |      0 |      0 |     29 |   1 |   77.0 |
       Dungeon |     77 |     77 |      0 |      0 |     29 |   1 |   77.0 |
               +--------+--------+--------+--------+--------+-----+--------+

Top non-repeatable levels by time:
     D:1: 77 daAuts
